 Dungeon Crawl Stone Soup version 0.30-a0-159-g068b764562 (webtiles) character file.

Game seed: 7197081336889384603

121 Iusername the Covered (level 4, -1/40 HPs)
             Began as a Minotaur Fighter on Sept 27, 2022.
             Slain by Grinder (3 damage)
             ... while paralysed by Grinder
             ... on level 3 of the Dungeon.
             The game lasted 00:01:39 (2541 turns).

Iusername the Covered (Minotaur Fighter)            Turns: 2541, Time: 00:01:40

Health: -1/40      AC:  7    Str: 23    XL:     4   Next: 76%
Magic:  3/3        EV:  2    Int:  5    God:
Gold:   89         SH:  0    Dex:  9    Spells: 3/3 levels left

rFire   . . .      SeeInvis .    a - +0 war axe
rCold   . . .      Faith    .    c - +0 buckler
rNeg    . . .      Spirit   .    b - +0 scale mail
rPois   .          Reflect  .    (helmet restricted)
rElec   .          Harm     .    (no cloak)
rCorr   .          Rampage  .    (no gloves)
Will    .....                    (no boots)
Stlth   ..........               (no amulet)
HPRegen 0.13/turn                (no ring)
MPRegen 0.08/turn                (no ring)

@: paralysed
A: horns 2, retaliatory headbutt
a: no special abilities


You were on level 3 of the Dungeon.
You visited 1 branch of the dungeon, and saw 3 of its levels.

You collected 89 gold pieces.

Inventory:

Hand Weapons
 a - a +0 war axe (weapon)
Armour
 b - a +0 scale mail (worn)
 c - a +0 buckler (worn)
Jewellery
 i - a ring of resist corrosion
Wands
 m - a wand of flame (18)
Scrolls
 e - a scroll of amnesia {unknown}
 h - 4 scrolls of blinking {unknown}
 j - a scroll of immolation {unknown}
 l - a scroll of fog {unknown}
 n - a scroll of teleportation {unknown}
Potions
 d - a potion of might
 f - a potion of cancellation {unknown}
 g - 2 potions of curing {unknown}
 k - a potion of invisibility {unknown}
 o - a potion of attraction {unknown}


   Skills:
 + Level 4.3 Fighting
 + Level 4.0 Axes
 + Level 4.5 Armour
 + Level 1.0 Dodging
 + Level 0.1 Stealth
 + Level 4.2 Shields


You had 3 spell levels left.
You didn't know any spells.
Your spell library contained the following spells:

 Spells                   Type           Power      Damage    Failure   Level
 Beastly Appendage        Tmut           0%         N/A       86%         1
 Wereblood                Tmut           0%         N/A       95%         2
 Spider Form              Tmut/Pois      0%         N/A       99%         3
 Anguish                  Hex/Necr       0%         N/A       100%        4
 Enfeeble                 Hex            0%         N/A       100%        7


Dungeon Overview and Level Annotations

Branches:
Dungeon (3/15)

Altars:

Annotations:
D:3 Grinder


Innate Abilities, Weirdness & Mutations

You have a pair of horns on your head.
You reflexively headbutt those who attack you in melee.


Message History

You slash Grinder! Your headbutt misses Grinder.
Grinder is moderately wounded.
Grinder hits you.
You writhe in agony.
You hit Grinder.
Grinder is moderately wounded.
Grinder gestures at you.
You suddenly lose the ability to move!
Grinder says, "DUCK!"
Grinder hits you!
You writhe in agony.
You can move again.
You slash Grinder!
Grinder is heavily wounded.
Grinder hits you. x2; You writhe in agony.
You hit Grinder. Your headbutt misses Grinder.
Grinder is heavily wounded.
Grinder hits you.
* * * LOW HITPOINT WARNING * * *
You hit Grinder but do no damage. You headbutt Grinder.
Grinder is severely wounded.
Grinder gestures at you. Pain shoots through your body!
* * * LOW HITPOINT WARNING * * *
Unknown command.
You barely miss Grinder.
Grinder is severely wounded.
Grinder gestures at you.
You suddenly lose the ability to move!
Grinder gestures at you. You resist with significant effort.
Grinder gestures at you. Pain shoots through your body!
* * * LOW HITPOINT WARNING * * *
Grinder hits you.
* * * LOW HITPOINT WARNING * * *
You writhe in agony.
* * * LOW HITPOINT WARNING * * *
Grinder hits you.
* * * LOW HITPOINT WARNING * * *
You writhe in agony.
You die...

.......#
#......+
#......#
#......#
#......# #.....
#######..#####
#.....5@.....#
#............+
#..............
#..............
#.........###.$
..........##.#
# ...........#
. .....).....#
#


You could see Grinder.

Vanquished Creatures
  Natasha (thrice) (D:2)
  2 adders (D:2)
  A worm (D:2)
  2 endoplasms
  4 giant cockroaches (D:1)
  4 hobgoblins
  3 ball pythons (D:1)
  2 frilled lizards (D:1)
  2 goblins (D:1)
  7 kobolds (D:1)
  4 rats
34 creatures vanquished.

Vanquished Creatures (others)
  3 fungi (D:2)
  9 plants (D:2)
12 creatures vanquished.

Grand Total: 46 creatures vanquished

Notes
Turn   | Place    | Note
-------+----------+-------------------------------------------
     0 | D:1      | Iusername the Minotaur Fighter began the quest for the Orb.
     0 | D:1      | Reached XP level 1. HP: 19/19 MP: 0/0
   329 | D:1      | Reached XP level 2. HP: 27/27 MP: 1/1
   927 | D:2      | Found a faded altar of an unknown god.
  1076 | D:2      | Noticed Natasha
  1078 | D:2      | Noticed a crimson imp
  1088 | D:2      | Killed Natasha
  1089 | D:2      | Reached XP level 3. HP: 7/33 MP: 2/2
  1856 | D:2      | Noticed Natasha
  1864 | D:2      | Killed Natasha
  1865 | D:2      | Reached skill level 1 in Dodging
  1865 | D:2      | Reached XP level 4. HP: 30/40 MP: 3/3
  1891 | D:2      | Noticed Natasha
  1902 | D:2      | Killed Natasha
  2525 | D:3      | Noticed Grinder
  2533 | D:3      | Paralysed by Grinder for 2 turns
  2538 | D:3      | Paralysed by Grinder for 4 turns
  2541 | D:3      | HP: 2/40 [Grinder (3)]
  2541 | D:3      | Slain by Grinder

Illustrated notes

Levels and vault maps discovered:
D:1:      psy_arrival_basics, layout_loops_ring
D:2:      layout_basic, dreamdust_ecumenical_altar_grove, serial_bayou,
          serial_bayou_lake_a, serial_bayou_pond_a, serial_bayou_shore_b,
          serial_bayou_pond_d, uniq_natasha
D:3:      layout_basic, gammafunk_ghost_abyssal_escape, uniq_grinder, uniq_robin

Skill      XL: |  1  2  3  4 |
---------------+-------------+-----
Armour         | 4 |  4.5
Shields        | 4 |  4.2
Fighting       | 4 |  4.3
Axes           | 3 4 |  4.0
Dodging        | 1 |  1.0
Stealth        | |  0.1

Action                   |  1- 3 |  4- 6 || total
-------------------------+-------+-------++-------
Melee: War axe           |    83 |    21 ||   104
       Headbutt          |    10 |     2 ||    12
Armor: Scale mail        |    40 |     8 ||    48
Dodge: Dodged            |    27 |     4 ||    31
Block: Buckler           |    19 |     5 ||    24

Table legend: (Time is in decaauts)
 A = Elapsed time spent in this place.
 B = Non-inter-level travel time spent in this place.
 C = Inter-level travel time spent in this place.
 D = Time resting spent in this place.
 E = Time spent auto-exploring this place.
 F = Levels seen in this place.
 G = Mean time per level.
                   A        B        C        D        E       F      G
               +--------+--------+--------+--------+--------+-----+--------+
         Total |   2602 |   2510 |     92 |    433 |   1777 |   3 |  867.3 |
       Dungeon |   2602 |   2510 |     92 |    433 |   1777 |   3 |  867.3 |
               +--------+--------+--------+--------+--------+-----+--------+

Top non-repeatable levels by time:
     D:2: 1649 daAuts
     D:1: 935 daAuts
     D:3: 17 daAuts
